 Dungeon Crawl Stone Soup version 0.30-a0-760-g5a9884bb7c (webtiles) character file.

Game seed: 16717270935908227464

1519 Leeroy the Carver (level 8, 0/38 HPs)
             Began as a Vine Stalker Warper on Feb 11, 2023.
             Shot with an arrow by a centaur (3 damage)
             ... on level 6 of the Dungeon.
             The game lasted 00:06:44 (5840 turns).

Leeroy the Carver (Vine Stalker Warper)             Turns: 5840, Time: 00:06:44

Health: 0/38       AC:  6    Str: 14    XL:     8   Next: 84%
Magic:  0/12       EV: 11    Int: 28    God:
Gold:   319        SH:  0    Dex: 16    Spells: 2/11 levels left

rFire   + . .      SeeInvis .    s - +0 scimitar
rCold   . . .      Faith    .    (no shield)
rNeg    . . .      Spirit   +    w - +0 leather armour of Qemayr {Int+9 Stlth+}
rPois   .          Reflect  .    (no helmet)
rElec   .          Harm     .    H - +0 cloak
rCorr   .          Rampage  .    F - +0 pair of gloves
Will    +....                    B - +0 pair of boots
Stlth   ++                       (no amulet)
HPRegen 1.06/turn                p - ring of protection from fire
MPRegen 0.13/turn                z - +6 ring of intelligence

@: on blink cooldown
A: fangs 3, regeneration 1, magic shield, antimagic bite, no potion heal 2
a: no special abilities


You were on level 6 of the Dungeon.
You visited 2 branches of the dungeon, and saw 7 of its levels.
You also visited: Ossuary.

You collected 319 gold pieces.

Inventory:

Hand Weapons
 a - a +0 falchion
 h - a +0 long sword
 k - a +1 dagger of holy wrath
 s - a +0 scimitar (weapon)
 y - a +2 short sword of protection
 I - a +0 rapier
Missiles
 d - 9 boomerangs of dispersal (quivered)
 u - 12 poisoned darts
 J - 2 javelins
Armour
 b - a +0 leather armour
 t - a +0 plate armour
 w - the +0 leather armour of Qemayr (worn) {Int+9 Stlth+}
   (You found it on level 3 of the Dungeon)

   Int:       It affects your intelligence (+9).
   Stlth:     It makes you more stealthy.
 B - a +0 pair of boots (worn)
 E - an orb of guile
 F - a +0 pair of gloves (worn)
 H - a +0 cloak (worn)
Jewellery
 p - a ring of protection from fire (left hand)
 z - a +6 ring of intelligence (right hand)
Scrolls
 c - 2 scrolls of blinking
 e - 2 scrolls of fog
 f - 5 scrolls of enchant weapon
 o - a scroll of enchant armour
 v - a scroll of magic mapping
 D - 5 scrolls of teleportation
Potions
 g - 3 potions of lignification {unknown}
 i - 3 potions of might {unknown}
 j - 2 potions of brilliance {unknown}
 l - 5 potions of heal wounds {unknown}
 m - 7 potions of curing {unknown}
 n - 2 potions of berserk rage {unknown}
 q - a potion of ambrosia {unknown}
 r - 2 potions of cancellation {unknown}
 x - a potion of degeneration {unknown}
 A - 2 potions of attraction {unknown}
 C - a potion of magic {unknown}
 G - 2 potions of flight {unknown}


   Skills:
 - Level 1.7 Fighting
 + Level 10.0 Long Blades
 - Level 0.8 Throwing
 - Level 0.7 Armour
 - Level 1.5 Dodging
 - Level 2.1 Spellcasting
 - Level 3.0 Translocations


You had 2 spell levels left.
You knew the following spells:

 Your Spells              Type           Power      Damage    Failure   Level
a - Blink                 Tloc           38%        N/A       4%          2
b - Vhi's Electric Charg  Tloc/Air       22%        N/A       19%         3
c - Manifold Assault      Tloc           19%        N/A       32%         4

Your spell library contained the following spells:

 Spells                   Type           Power      Damage    Failure   Level
 Lesser Beckoning         Tloc           38%        N/A       4%          2
 Freeze                   Ice            12%        1d3       12%         1
 Sting                    Tmut/Pois      12%        1d3       12%         1
 Summon Small Mammal      Summ           12%        N/A       12%         1
 Poisonous Vapours        Pois/Air       6%         N/A       17%         2
 Teleport Other           Tloc           19%        N/A       10%         3
 Call Canine Familiar     Summ           3%         N/A       34%         3
 Frozen Ramparts          Ice            6%         1d1       34%         3
 Hailstorm                Conj/Ice       3%         3d3       34%         3
 Summon Guardian Golem    Hex/Summ       3%         N/A       34%         3
 Olgreb's Toxic Radiance  Pois           3%         N/A       75%         4


Dungeon Overview and Level Annotations

Branches:
Dungeon (6/15)             Temple (1/1) D:4         Ossuary (visited)

Altars:
Cheibriados
Dithmenos
Elyvilon
Fedhas
Gozag
Hepliaklqana
Kikubaaqudgha
Makhleb
Nemelex Xobeh
Okawaru
Qazlal
Sif Muna
Trog
Uskayaw
Vehumet
Xom
Yredelemnul
Zin
The Shining One

Shops:
D:3 *

Annotations:
D:3 3 runed translucent doors, Rye's ghost, amateur HuMo
D:6 Edmund


Innate Abilities, Weirdness & Mutations

You have razor-sharp teeth.
Your natural rate of healing is unusually fast.
When hurt, damage is shared between your health and your magic reserves.
Your bite disrupts and absorbs the magic of your enemies.
Potions cannot restore your health.


Message History

You hear a shout!
Something hits you. Something shocks you. The iguana barely misses you.
Edmund grinds his teeth, and then sighs.
You barely miss the iguana. Your bite misses the iguana.
The iguana is severely wounded.
Something hits you but does no damage.
The iguana bites you but does no damage.
You barely miss the iguana. Your bite misses the iguana.
The iguana is severely wounded.
Something hits you but does no damage. The iguana closely misses you.
An orc comes into view. It is wielding a +0 club.
Edmund hits you with a +4 heavy flail!
You hit the iguana. Your bite misses the iguana.
The iguana is almost dead.
Something hits you. Something shocks you. The iguana closely misses you.
You completely miss the iguana. Your bite misses the iguana.
The iguana is almost dead.
Edmund closely misses you.
You closely miss the iguana. You bite the iguana.
You kill the iguana!
Something hits you. Something shocks you.
The sky beast flickers out of sight!
You are too injured to fight recklessly!
Casting: Vhi's Electric Charge (quite dangerous; 19% risk of failure)
Confirm with . or Enter, or press ? or * to list all spells.
You blink. 2 orcs and a centaur come into view.
Found a stone staircase leading up.
The orc shouts!
The centaur shouts!
The orc hits you with a +0 club.
The centaur wields a +0 shortbow.
The centaur shoots an arrow.
The arrow hits you!
* * * LOW HITPOINT WARNING * * *
Edmund says, "People will remember me!
They'll remember me and die!"
The centaur shoots an arrow.
The arrow hits you.
* * * LOW HITPOINT WARNING * * *
Edmund zaps a wand.
The puff of flame hits you. You resist.
* * * LOW HITPOINT WARNING * * *
The orc hits you but does no damage.
The orc drinks a potion.
The orc flickers and vanishes!
The centaur shoots an arrow.
The arrow hits you.
You die...

.........#
.........#
.........#
..c......#
.....<...#
.........##
..........##
......o@...###
.....{.o.....##
..............##
.........o.....##
#...............###
##.........@......##
#.................#
##................#
##.........†......


You could see Edmund, a centaur and 3 orcs.

Vanquished Creatures
  Prince Ribbit (D:5)
  An ice beast (D:5)
  2 black bears (D:5)
  A centaur (D:4)
  Blork the orc (D:5)
  A bullfrog (D:6)
  A crimson imp (D:3)
  2 centaur zombies (Ossuary)
  3 hounds
  2 jellies (D:5)
  A human zombie (Ossuary)
  Jessica (D:2)
  6 iguanas
  2 orc wizards
  3 ogre zombies (Ossuary)
  7 mummies (Ossuary)
  6 adders
  A white imp (D:5)
  3 ufetubi
  4 adder zombies (Ossuary)
  A worm (D:3)
  2 dart slugs
  9 orcs
  4 ball pythons
  6 endoplasms
  4 giant cockroaches
  6 goblins
  2 hobgoblins
  3 jackals (D:2)
  2 quokkas
  4 bats
  3 frilled lizards
  2 goblin skeletons (D:3)
  6 goblin zombies (Ossuary)
  6 hobgoblin zombies
  11 kobolds
  A kobold skeleton (D:3)
  5 kobold zombies
  3 orc skeletons (D:3)
  An orc zombie (D:3)
  6 quokka zombies (Ossuary)
  A rat (D:2)
  2 rat zombies (Ossuary)
139 creatures vanquished.

Notes
Turn   | Place    | Note
-------+----------+-------------------------------------------
     0 | D:1      | Leeroy the Vine Stalker Warper began the quest for the Orb.
     0 | D:1      | Reached XP level 1. HP: 11/11 MP: 4/4
    59 | D:1      | Reached skill level 2 in Long Blades
   176 | D:1      | Reached XP level 2. HP: 14/15 MP: 6/6
   704 | D:1      | Reached skill level 3 in Long Blades
   831 | D:2      | Reached XP level 3. HP: 18/18 MP: 7/7
   861 | D:2      | Noticed Jessica
   867 | D:2      | Killed Jessica
  1039 | D:2      | Gained mutation: Your natural rate of healing is unusually
                  | fast. [Vine Stalker growth]
  1039 | D:2      | Reached XP level 4. HP: 23/23 MP: 8/8
  1042 | D:2      | Learned a level 2 spell: Blink
  1046 | D:2      | Learned a level 3 spell: Vhi's Electric Charge
  1161 | D:2      | Reached skill level 4 in Long Blades
  1724 | D:2      | You fall into a shaft and drop 1 floor!
  1814 | D:3      | Found a glowing golden altar of the Shining One.
  1835 | D:3      | Reached XP level 5. HP: 26/26 MP: 9/9
  1914 | D:3      | Found a runed translucent gate.
  1915 | D:3      | Found a runed translucent gate.
  1916 | D:3      | Noticed Rye's ghost (amateur HuMo)
  1917 | D:3      | Found a runed translucent gate.
  1947 | D:3      | Identified the +0 leather armour of Qemayr {Int+9 Stlth+}
  2005 | D:3      | Found Zin's Purification Station.
  2006 | D:3      | Found a glowing silver altar of Zin.
  2859 | D:4      | Reached skill level 5 in Long Blades
  2875 | D:4      | Found a staircase to the Ecumenical Temple.
  2944 | Temple   | Entered the Ecumenical Temple
  3226 | D:4      | Found a hide-covered altar of Uskayaw.
  3330 | D:4      | Reached XP level 6. HP: 22/30 MP: 7/10
  3447 | D:4      | Reached skill level 6 in Long Blades
  3497 | D:4      | Learned a level 4 spell: Manifold Assault
  3794 | D:5      | Entered Level 5 of the Dungeon
  3795 | D:5      | Noticed an ice beast
  3798 | D:5      | Found an opulent altar of Gozag.
  3808 | D:5      | Killed an ice beast
  3859 | D:5      | Noticed a black bear
  3866 | D:5      | Killed a black bear
  3867 | D:5      | Reached skill level 7 in Long Blades
  3867 | D:5      | Reached XP level 7. HP: 23/34 MP: 7/11
  3997 | D:5      | Found a basalt altar of Yredelemnul.
  4252 | D:5      | Noticed Blork the orc
  4263 | D:5      | Killed Blork the orc
  4283 | D:5      | Reached skill level 8 in Long Blades
  4440 | D:5      | Found a sand-covered staircase.
  4445 | Ossuary  | Entered an ossuary
  4597 | Ossuary  | Gained mutation: You have razor-sharp teeth. [Vine Stalker
                  | growth]
  4597 | Ossuary  | Reached XP level 8. HP: 37/38 MP: 10/12
  5107 | D:5      | Found a shimmering blue altar of Sif Muna.
  5107 | D:5      | Found a white marble altar of Elyvilon.
  5116 | D:5      | Reached skill level 9 in Long Blades
  5333 | D:5      | Noticed Prince Ribbit
  5370 | D:5      | Killed Prince Ribbit
  5799 | D:6      | Reached skill level 10 in Long Blades
  5828 | D:6      | Noticed Edmund
  5840 | D:6      | Shot with an arrow by a centaur

Illustrated notes

Levels and vault maps discovered:
D:1:      dpeg_arrival_windows_large_door, layout_basic,
          minmay_misc_feat_columns, chequers_serial_rivers_small_a,
          minmay_misc_feat_doors
D:2:      layout_basic, roderic_lattice_a, uniq_jessica
D:3:      layout_basic, zin_purify, nicolae_tso_besieged_by_evil,
          serial_corexii_hall, corexii_hall_statues_l, corexii_hall_statues_x,
          gammafunk_ghost_split
D:4:      layout_loops_ring, eat_drink_and_be_merry_uskayaw,
          minmay_temple_entry_arrows
D:5:      layout_gridville, nicolae_gozag_seed_capital,
          mainiacjoe_overflow_chevrons, gammafunk_temple_overflow_pools,
          enter_ossuary_2, minmay_misc_feat_more_columns, minmay_misc_feat_chi,
          uniq_blork_the_orc, uniq_prince_ribbit1
D:6:      layout_cave_pods, uniq_edmund
Temple:   nicolae_temple_bog_church

Skill      XL: |  1  2  3  4  5  6  7  8 |
---------------+-------------------------+-----
Long Blades    | 2 3 4 5 7 8 10 | 10.0
Fighting       | |  1.7
Throwing       | |  0.8
Armour         | |  0.7
Dodging        | |  1.5
Spellcasting   | |  2.1
Translocations | |  3.0

Action                     |  1- 3 |  4- 6 |  7- 9 || total
---------------------------+-------+-------+-------++-------
  Melee: Falchion          |    35 |       |       ||    35
         Bite              |    14 |    45 |    58 ||   117
         Long sword        |    30 |   172 |    28 ||   230
         Punch             |     1 |       |     1 ||     2
         Scimitar          |       |       |   161 ||   161
   Cast: Vhi's Electric Ch |       |     1 |       ||     1
         Blink             |       |       |     1 ||     1
    Use: Scroll            |       |       |     9 ||     9
   Stab: Sleeping          |     1 |     7 |    12 ||    20
 Armour: Leather armour    |    21 |    20 |    44 ||    85
         Plate armour      |       |   105 |       ||   105
  Dodge: Dodged            |    37 |    64 |    82 ||   183

Table legend: (Time is in decaauts)
 A = Elapsed time spent in this place.
 B = Non-inter-level travel time spent in this place.
 C = Inter-level travel time spent in this place.
 D = Time resting spent in this place.
 E = Time spent auto-exploring this place.
 F = Levels seen in this place.
 G = Mean time per level.
                   A        B        C        D        E       F      G
               +--------+--------+--------+--------+--------+-----+--------+
         Total |   5886 |   5731 |    155 |     17 |   4451 |   8 |  735.8 |
       Dungeon |   5116 |   4975 |    141 |     17 |   3925 |   6 |  852.7 |
        Temple |    193 |    179 |     14 |      0 |    164 |   1 |  193.0 |
       Ossuary |    577 |    577 |      0 |      0 |    361 |   1 |  577.0 |
               +--------+--------+--------+--------+--------+-----+--------+

Top non-repeatable levels by time:
     D:3: 1136 daAuts
     D:5: 1097 daAuts
     D:2: 919 daAuts
     D:1: 827 daAuts
     D:4: 767 daAuts
 Ossuary: 577 daAuts
     D:6: 367 daAuts
  Temple: 193 daAuts
